 Dungeon Crawl Stone Soup version 0.31-a0-246-g8cbcc1cb85 (webtiles) character file.

Game seed: 61332000021473319

189 qw the Shooter (level 5, -1/45 HPs)
             Began as a Minotaur Hexslinger on July 12, 2023.
             Slain by a kobold brigand
             ... wielding a +0 club
              (3 damage)
             ... on level 4 of the Dungeon.
             The game lasted 00:01:16 (3098 turns).

qw the Shooter (Minotaur Hexslinger)                Turns: 3098, Time: 00:01:17

Health: -1/45      AC:  5    Str: 13      XL:     5   Next: 40%
Magic:  5/5        EV: 11    Int:  9 (10) God:
Gold:   201        SH:  0    Dex: 14      Spells: 5/6 levels left

rFire   . . .        Y - +2 sling
rCold   . . .        (no shield)
rNeg    . . .        j - +0 ring mail
rPois   .            (helmet restricted)
rElec   .            (no cloak)
rCorr   .            (no gloves)
SInv    .            (no boots)
Will    .....        (no amulet)
Stlth   +            (no ring)
HPRegen 0.27/turn    (no ring)
MPRegen 0.09/turn

%: no passive effects
@: no status effects
A: horns 2, retaliatory headbutt
a: no special abilities


You were on level 4 of the Dungeon.
You visited 1 branch of the dungeon, and saw 4 of its levels.

You collected 275 gold pieces.
You spent 74 gold pieces at shops.


Innate Abilities, Weirdness & Mutations

You have a pair of horns on your head.
You reflexively headbutt those who attack you in melee.


   Skills:
 - Level 3.0 Fighting
 + Level 5.5 Ranged Weapons
 - Level 1.1 Armour
 - Level 2.1 Dodging
 - Level 1.0 Spellcasting
 - Level 2.0 Hexes


You had 5 spell levels left.
You knew the following spells:

 Your Spells              Type           Power      Damage    Failure   Level
a - Slow                  Hex            16%        N/A       34%         1

Your spell library contained the following spells:

 Spells                   Type           Power      Damage    Failure   Level
 Inner Flame              Hex/Fire       2%         N/A       83%         3
 Portal Projectile        Hex/Tloc       4%         N/A       83%         3
 Cause Fear               Hex            2%         N/A       98%         4

Inventory:

Hand Weapons
 Y - a +2 sling (weapon)
Armour
 j - a +0 ring mail (worn)
Scrolls
 b - a scroll of enchant armour
Potions
 a - a potion of curing {unknown}
 c - a potion of magic {unknown}
 e - a potion of haste {unknown}
 i - a potion of might {unknown}

Dungeon Overview and Level Annotations

Branches:
Dungeon (4/15)
 Temple: D:4-7

Altars:
Fedhas
Qazlal
Trog
Wu Jian

Shops:
D:1 *:(**

Portals:
Abyss: D:3

Annotations:
D:3 1 transporter, qw's ghost, amateur MiHs


Message History

The sling bullet hits the kobold brigand.
The kobold brigand is lightly wounded.
You feel very sick.
The kobold brigand hits you with a +0 club.
The kobold brigand closely misses you.
You shoot a sling bullet.
The sling bullet hits the kobold brigand.
The kobold brigand is lightly wounded.
You feel sick.
The kobold brigand hits you with a +0 club.
The kobold brigand closely misses you.
You shoot a sling bullet.
The sling bullet hits the kobold brigand.
The kobold brigand is moderately wounded.
You feel sick.
The kobold brigand hits you with a +0 club. x2
You shoot a sling bullet.
The sling bullet hits the kobold brigand.
The kobold brigand is heavily wounded.
You feel sick.
You are no longer poisoned.
The kobold brigand hits you with a +0 club.
The kobold brigand barely misses you. You furiously retaliate!
You headbutt the kobold brigand! You shoot a sling bullet.
The sling bullet barely misses the kobold brigand.
The kobold brigand barely misses you.
The kobold brigand hits you with a +0 club.
You shoot a sling bullet.
The sling bullet hits the kobold brigand.
The kobold brigand is severely wounded.
The kobold brigand hits you with a +0 club.
You shoot a sling bullet.
The sling bullet barely misses the kobold brigand.
The kobold brigand hits you with a +0 club. x2
You shoot a sling bullet.
The sling bullet barely misses the kobold brigand.
You feel yourself speed up.
The kobold brigand hits you with a +0 club.
You die...

.....#.. #......
###.... ###.. #####
#### ##.. ...... #..#
#..# #.....######.##
#.## #............###
####.#
#......@.......###...##
##....K###............#
#..... ##...#######.##
#..... #..## #..#
#......####..# ##...
...#....#....# ##....
.#####.......## ##.....
.........####......
.###....##......##


You could see a kobold brigand.

Vanquished Creatures
  A hound (D:3)
  An orc priest (D:3)
  Terence (D:3)
  3 adders
  4 worms
  3 dart slugs
  4 orcs (D:3)
  4 ball pythons
  5 endoplasms
  2 giant cockroaches (D:2)
  2 goblins
  5 hobgoblins (D:3)
  2 jackals (D:1)
  5 quokkas
  4 bats
  5 frilled lizards
  A kobold (D:1)
  6 rats
58 creatures vanquished.

Notes
Turn   | Place    | Note
-------+----------+-------------------------------------------
     0 | D:1      | qw the Minotaur Hexslinger began the quest for the Orb.
     0 | D:1      | Reached XP level 1. HP: 16/16 MP: 1/1
     0 | D:1      | 0 ||| qw: Version: 0.3-a-52-g30416fa
     0 | D:1      | 0 ||| qw: Game counter: 6495
     0 | D:1      | 0 ||| qw: Melee chars always use a shield: true
     0 | D:1      | 0 ||| qw: God list: Okawaru
     0 | D:1      | 0 ||| qw: Allow faded altars: false
     0 | D:1      | 0 ||| qw: Do Orc after clearing Dungeon:15 true
     0 | D:1      | 0 ||| qw: Do second Lair branch before Depths: true
     0 | D:1      | 0 ||| qw: Lair rune preference: random
     0 | D:1      | 0 ||| qw: Goals: Normal
     0 | D:1      | 0 ||| PLANNING D:1-11
    30 | D:1      | Found Veoj's Book Emporium.
    40 | D:1      | Found Elenwuoj's Assorted Antiques.
    55 | D:1      | 55 ||| BUYING bubbling brown potion (15 gold).
    55 | D:1      | Bought a bubbling brown potion for 15 gold pieces
    55 | D:1      | 55 ||| SHOPLISTING dented malachite amulet (85 gold, have
                  | 23).
    55 | D:1      | 55 ||| BUYING scroll labelled ELIEDIFISI (17 gold).
    55 | D:1      | Bought a scroll labelled ELIEDIFISI for 17 gold pieces
    55 | D:1      | 55 ||| SHOPLISTING scroll labelled ZOFFIM VEGE (17 gold,
                  | have 6).
    55 | D:1      | 55 ||| SHOPLISTING white potion (15 gold, have 6).
   117 | D:1      | Found Orhuxtech's General Store.
   128 | D:1      | 128 ||| BUYING +0 leather armour (20 gold).
   128 | D:1      | Bought a +0 leather armour for 20 gold pieces
   128 | D:1      | 128 ||| SHOPLISTING potion of heal wounds (50 gold, have
                  | 38).
   128 | D:1      | 128 ||| SHOPLISTING scroll of enchant armour (75 gold, have
                  | 38).
   128 | D:1      | Found Dyacw's Assorted Antiques.
   137 | D:1      | 137 ||| SHOPLISTING glowing cloak (187 gold, have 38).
   137 | D:1      | 137 ||| SHOPLISTING long copper wand (100 gold, have 38).
   137 | D:1      | 137 ||| BUYING ruby potion (22 gold).
   137 | D:1      | Bought a ruby potion for 22 gold pieces
   137 | D:1      | 137 ||| SHOPLISTING scroll labelled ELIEDIFISI (25 gold,
                  | have 16).
   137 | D:1      | 137 ||| SHOPLISTING scroll labelled LUUNLA DOAMP (25 gold,
                  | have 16).
   144 | D:1      | Reached skill level 3 in Ranged Weapons
   144 | D:1      | Reached XP level 2. HP: 23/23 MP: 2/2
   153 | D:1      | Found a faded altar of an unknown god.
   226 | D:1      | Found Deoq's Weapon Boutique.
   348 | D:1      | You fall into a shaft and drop 1 floor!
   461 | D:2      | 461 ||| UPGRADING to +0 leather armour.
   471 | D:2      | 471 ||| DROPPING +0 robe.
   472 | D:2      | 472 ||| UPGRADING to +0 ring mail.
   482 | D:2      | 482 ||| DROPPING +0 leather armour.
   483 | D:2      | 483 ||| READING scroll labelled ELIEDIFISI.
   484 | D:2      | 484 ||| READING scroll labelled TOJUOX PECVA.
   485 | D:2      | 485 ||| DRINKING 2 white potions.
   486 | D:2      | 486 ||| DRINKING 2 bubbling ruby potions.
   487 | D:2      | 487 ||| DROPPING scroll of poison.
   488 | D:2      | 488 ||| DROPPING potion of brilliance.
   489 | D:2      | 489 ||| DROPPING potion of degeneration.
   499 | D:2      | 499 ||| FLEEEEING.
   500 | D:2      | 500 ||| FLEEEEING.
   501 | D:2      | 501 ||| STAIRDANCE
   664 | D:1      | Reached XP level 3. HP: 26/29 MP: 3/3
   851 | D:1      | 851 ||| READING scroll labelled JOSCHE CAIFUTT.
   852 | D:1      | 852 ||| READING scroll labelled SEZAYT KAFIXAK.
  1144 | D:2      | Reached skill level 4 in Ranged Weapons
  1197 | D:2      | Reached skill level 1 in Armour
  1536 | D:2      | 1536 ||| READING scroll labelled FIQUMI LIHI.
  1537 | D:2      | 1537 ||| READING scroll labelled YHAADE VENGA.
  1538 | D:2      | 1538 ||| READING scroll labelled QATIRA HAAPTAEG.
  1639 | D:2      | 1639 ||| DRINKING 3 fizzy clear potions.
  1674 | D:2      | 1674 ||| DROPPING 2 potions of lignification.
  1759 | D:3      | Reached XP level 4. HP: 36/36 MP: 4/4
  1857 | D:3      | Found a transporter.
  1868 | D:3      | Noticed a small abomination
  1876 | D:3      | Found a one-way gate to the infinite horrors of the Abyss.
  1876 | D:3      | Noticed qw's ghost (amateur MiHs)
  1982 | D:3      | Noticed Terence
  1991 | D:3      | 1991 ||| READING scroll labelled ZOFFIM VEGE.
  2159 | D:3      | 2159 ||| READING scroll labelled LUUNLA DOAMP.
  2163 | D:3      | 2163 ||| DRINKING 2 orange potions.
  2186 | D:3      | 2186 ||| FLEEEEING.
  2187 | D:3      | 2187 ||| FLEEEEING.
  2188 | D:3      | 2188 ||| FLEEEEING.
  2189 | D:3      | Killed Terence
  2375 | D:3      | Noticed a kobold brigand
  2391 | D:3      | Found a stormy altar of Qazlal.
  2394 | D:3      | Found an ornate altar of the Wu Jian Council.
  2395 | D:3      | Found a bloodstained altar of Trog.
  2397 | D:3      | Found a blossoming altar of Fedhas.
  2432 | D:3      | Reached skill level 5 in Ranged Weapons
  2498 | D:3      | HP: 9/36 [orc/+0 trident (1)]
  2499 | D:3      | Reached XP level 5. HP: 11/44 MP: 5/5
  2499 | D:3      | 2499 ||| DRINKING potion of heal wounds.
  2502 | D:3      | Reached skill level 3 in Fighting
  2504 | D:3      | HP: 10/45 [orc/+0 club (4)]
  2506 | D:3      | HP: 2/45 [orc/+0 trident (5)]
  2941 | D:4      | 2941 ||| PLANNING SEWER
  3096 | D:4      | HP: 10/45 [kobold brigand/+0 club (2)]
  3097 | D:4      | HP: 2/45 [kobold brigand/+0 club (5)]
  3098 | D:4      | Slain by a kobold brigand

Levels and vault maps discovered:
D:1:      kennysheep_arrival_forest, layout_loops_ring,
          shapermc_ecumenical_altar_mp_highgroup, serial_shops, shop, shop,
          nicolae_shop_advertising_works [nicolae_subvault_shop_adworks],
          shop_coins, nicolae_shop_statue_plus
D:2:      layout_loops_ring
D:3:      layout_loops_corners, chequers_temple_overflow_statue_of_worship,
          gammafunk_ghost_abyssal_escape, uniq_terence
D:4:      layout_layer_cave, minmay_temple_entry_wispy, portal_sewer_entry_e,
          uniq_crazy_yiuf_cottage

Skill      XL: |  1  2  3  4  5 |
---------------+----------------+-----
Ranged Weapons | 3 4 5 |  5.5
Fighting       | 2 3 |  3.0
Armour         | 1 |  1.1
Dodging        | |  2.1
Spellcasting   | |  1.0
Hexes          | |  2.0

Action                     |  1- 3 |  4- 6 || total
---------------------------+-------+-------++-------
   Fire: Sling             |   111 |   105 ||   216
    Use: Scroll            |     7 |     2 ||     9
         Potion            |     3 |     2 ||     5
 Armour: Robe              |     3 |       ||     3
         Ring mail         |    10 |    15 ||    25
  Dodge: Dodged            |    16 |    41 ||    57

Table legend:
 A = Non-vault XP
 B = Vault XP
 C = Vault XP percentage of total XP
 D = Non-vault monster count
 E = Vault monster count
 F = Vault count percentage of total count
                 A         B        C        D         E       F
            +---------+---------+-------+---------+---------+-------
      Total |     235 |      36 |  13.3 |      57 |       1 |   1.7
            +---------+---------+-------+---------+---------+-------
        D:1 |      28 |       0 |   0.0 |      16 |       0 |   0.0
        D:2 |      62 |       0 |   0.0 |      18 |       0 |   0.0
        D:3 |     130 |      36 |  21.7 |      21 |       1 |   4.5
        D:4 |      15 |       0 |   0.0 |       2 |       0 |   0.0
            +---------+---------+-------+---------+---------+-------
